AoeStats
← FORE_PoLiCe

Yucatan

510357756Analyzed
2v2 RM · 12h ago on Sep 30, 2026· 52m 28s· 4 players
Game mode
Random Map
Map size
Medium (4 player)
Population
200
Speed
Normal
Resources
Standard
Victory
Conquest
Starting age
Dark Age
Ending age
Imperial Age
RankedLock teamsTeams togetherTeam positionsShared explorationLock speedFull tech treeHidden civsTurbo modeCheats
Victory
Defeat
🇮🇳 Mongols · India
1245
+11
🇮🇳 Khmer · India
1054
+19
🇩🇪 Teutons · Germany
1129
-15
🇩🇪 Vikings · Germany
1118
-15
blk_panther
10:43 Loom
13:02 Feudal Age
13:36 Double-Bit Axe
13:33 Horse Collar
13:45 Gold Mining
13:42 Man-at-Arms
15:18 Fletching
19:34 Castle Age
20:46 Pikeman
22:04 Crossbowman
26:28 Bodkin Arrow
28:43 Padded Archer Armor
30:10 Bow Saw
32:45 Ballistics
32:45 Leather Archer Armor
36:43 Imperial Age
35:39 Gold Shaft Mining
36:46 Arbalester
39:28 Bracer
39:57 Stone Mining
41:11 Two-Man Saw
40:14 Heavy Plow
Henning
10:49 Loom
12:35 Feudal Age
14:20 Wheelbarrow
18:52 Castle Age
21:06 Double-Bit Axe
21:13 Gold Mining
21:15 Stone Mining
21:09 Horse Collar
29:37 Hand Cart
29:12 Town Watch
30:13 Bow Saw
34:19 Imperial Age
31:16 Man-at-Arms
31:43 Gambesons
31:59 Squires
33:44 Bloodlines
33:38 Scale Mail Armor
33:51 Forging
34:26 Scale Barding Armor
34:42 Chain Mail Armor
35:07 Iron Casting
34:48 Chain Mail Armor
34:26 Fletching
35:01 Ironclad
35:37 Stone Shaft Mining
34:50 Cavalier
35:54 Chain Barding Armor
36:57 Paladin
40:31 Plate Barding Armor
43:27 Blast Furnace
48:17 Sappers
50:28 Bodkin Arrow
51:57 Crenellations
51:59 Conscription
Fore_Ruthless
8:53 Loom
10:38 Feudal Age
15:22 Castle Age
14:31 Bloodlines
14:27 Scale Barding Armor
14:33 Forging
15:12 Double-Bit Axe
15:08 Horse Collar
24:47 Bow Saw
26:00 Heavy Plow
26:37 Wheelbarrow
25:48 Town Watch
26:30 Gold Mining
26:30 Stone Mining
32:53 Imperial Age
30:43 Fletching
31:15 Padded Archer Armor
32:06 Ballistics
32:01 Bodkin Arrow
32:21 Husbandry
33:17 Thumb Ring
33:37 Bracer
34:55 Chemistry
34:40 Leather Archer Armor
36:31 Conscription
36:30 Elite Mangudai
37:43 Chain Barding Armor
38:35 Parthian Tactics
41:16 Iron Casting
41:22 Drill
43:45 Murder Holes
44:01 Masonry
45:41 Blast Furnace
44:54 Light Cavalry
45:39 Hussar
FORE_PoLiCe
7:53 Loom
8:16 Loom
11:23 Feudal Age
19:21 Castle Age
18:20 Bloodlines
21:57 Wheelbarrow
21:13 Double-Bit Axe
21:53 Husbandry
22:34 Scale Barding Armor
23:12 Bow Saw
26:45 Horse Collar
27:29 Chain Barding Armor
29:20 Forging
29:54 Hand Cart
36:09 Imperial Age
33:25 Town Watch
37:04 Heavy Plow
37:16 Elite Battle Elephant
38:12 Tusk Swords
40:19 Plate Barding Armor
40:20 Iron Casting
42:39 Crop Rotation
42:30 Capped Ram
46:14 Blast Furnace
Connection lost

Rejoining the realm…

Still unreachable

The connection could not be restored.

Session expired

The server has moved on; the page needs a fresh start.